Map: Ice and Chrome LE

Players

Tristen - Winner!

  • Race: Zerg Zerg
  • League: Diamond
  • Spawn Location: 7:00

Slaight

  • Race: Protoss Protoss
  • League: Platinum
  • Spawn Location: 1:00

VOD

Have the link to the VOD?

Description

Time

  • Played on: Aug. 19, 2020, 4:20 p.m.
  • Length: 6:33
Show
View Real Time Build Order
Export as new Build Order

Tristen Zerg - Winner!

Build Orders: Pool First 

Get SALT Encoding   

  12  0:01  Drone  
  13  0:12  Overlord  
  13  0:22  Drone  
  14  0:31  Drone x2  
  16  0:36  Extractor  
  16  0:37  Drone  
  16  0:48  Spawning Pool  
  15  0:51  Drone  
  16  0:59  Drone  
  17  1:24  Hatchery  
  16  1:36  Drone x2  
  16  1:38  Queen  
  20  1:43  Zergling x2  
  21  1:59  Drone  
  21  2:00  Metabolic Boost  
  22  2:03  Overlord  
  22  2:16  Roach Warren  
  21  2:23  Drone  
  21  2:24  Overlord  
  22  2:30  Drone  
  23  2:57  Roach x4  
  31  3:02  Zergling x8  
  35  3:10  Zergling x2  
  36  3:23  Zergling x2  
  36  3:24  Zergling x8  
  39  3:50  Roach x2  
  39  3:55  Overlord x3  
  38  4:33  Zergling x2  
  38  4:34  Zergling x16  
  43  4:49  Ravager x2  
  43  4:50  Ravager x2  
  43  4:52  Zergling x4  
  43  5:28  Zergling x2  
  43  5:29  Zergling x16  
Show
View Real Time Build Order
Export as new Build Order

Slaight Protoss 

Build Orders:  

Get SALT Encoding   

  12  0:01  Probe  
  13  0:13  Probe  
  14  0:24  Pylon  
  14  0:27  Assimilator  
  14  0:29  Probe  
  15  0:43  Gateway  
  15  0:45  Probe (Chrono Boost)  
  16  0:55  Probe (Chrono Boost)  
  17  1:00  Probe (Chrono Boost)  
  19  1:12  Probe (Chrono Boost)  
  19  1:39  Gateway, Probe  
  20  1:40  Cybernetics Core  
  20  1:45  Pylon  
  20  1:54  Nexus  
  20  1:57  Probe  
  21  2:03  Assimilator  
  21  2:13  Probe  
  21  2:15  Adept (Chrono Boost)  
  22  2:20  Warp Gate  
  24  2:25  Probe  
  27  2:31  Adept (Chrono Boost)  
  27  2:40  Probe  
  27  2:41  Stalker  
  30  2:53  Probe  
  31  2:58  Robotics Facility  
  31  3:05  Probe  
  32  3:14  Twilight Council  
  32  3:15  Probe  
  32  3:18  Probe  
  34  3:28  Probe  
  34  3:30  Probe  
  36  3:40  Sentry, Probe  
  37  3:42  Probe  
  37  3:44  Adept  
  38  3:51  Immortal (Chrono Boost)  
  38  3:52  Probe  
  43  3:58  Shield Battery, Probe  
  44  4:05  Pylon  
  44  4:06  Pylon  
  40  4:12  Shield Battery  
  40  4:32  Stalker x2  
  40  4:40  Immortal (Chrono Boost), Pylon  
  44  4:52  Probe x2  
  46  5:04  Probe x2  
  48  5:44  Stalker  
  48  5:45  Stalker  
  35  6:10  Zealot x2  
Tags
 
Add a new tag
Caveats
  • Supply blocks, unpowered buildings, or Contaminate may cause inaccurate times.
  • Supply counts are checked every 10 seconds.